 Dungeon Crawl Stone Soup version 0.19.1 (webtiles) character file.

262 Aksej the Slasher (level 5, -4/39 HPs)
             Began as a Demonspawn Gladiator on Dec 10, 2016.
             Was a Follower of Qazlal.
             Slain by Aksej's ghost (11 damage)
             ... on level 4 of the Dungeon.
             The game lasted 00:07:49 (2784 turns).

Aksej the Slasher (Demonspawn Gladiator)            Turns: 2784, Time: 00:07:50

Health: -4/39      AC:  5    Str: 16    XL:     5   Next: 97%
Magic:  4/4        EV:  8    Int:  9    God:    Qazlal [*.....]
Gold:   189        SH:  2    Dex: 18    Spells: 0 memorised, 4 levels left

rFire  + . .     SeeInvis .     a - +0 long sword
rCold  . . .     Gourm    .     t - +0 chain mail
rNeg   . . .     Faith    .     (no shield)
rPois  .         Spirit   .     c - +0 helmet
rElec  .         Reflect  .     (no cloak)
rCorr  .         Harm     .     (no gloves)
MR     .....                    (no boots)
Stlth  ..........               i - amulet of regeneration
                                (no ring)
                                (no ring)

@: no status effects
A: thin skeletal structure 2, blurry vision 1, deformed body, fire resistance 1,
low mp 1, spiny 1
a: Renounce Religion


You were on level 4 of the Dungeon.
You worshipped Qazlal.
Qazlal was aware of your devotion.
You were not hungry.

You visited 1 branch of the dungeon, and saw 4 of its levels.

You collected 189 gold pieces.

Inventory:

Hand Weapons
 a - a +0 long sword (weapon)
Missiles
 d - a throwing net (quivered)
 k - 2 tomahawks
Armour
 c - a +0 helmet (worn)
 t - a +0 chain mail (worn)
Jewellery
 i - an amulet of regeneration (around neck)
Scrolls
 h - 2 scrolls of recharging
 j - 2 scrolls of fear
 l - 2 scrolls of magic mapping
 m - a scroll of enchant armour
 n - 2 scrolls of remove curse
 q - a scroll of identify
Potions
 b - 2 potions of flight
 p - 2 potions of curing
Comestibles
 f - 4 bread rations
 r - a beef jerky
 u - a royal jelly


   Skills:
 + Level 2.6 Fighting
 * Level 5.2 Long Blades
 + Level 1.8 Throwing
 + Level 1.7 Armour
 + Level 3.1 Dodging


You had 4 spell levels left.
You didn't know any spells.

Dungeon Overview and Level Annotations

Branches:
Dungeon (4/15)
 Temple: D:4-7

Altars:
Qazlal
Uskayaw

Annotations:
D:4 Aksej's ghost, amateur DsGl


Innate Abilities, Weirdness & Mutations

You have a moderately thin skeletal structure. (Dex +4, Stealth+)
You are partially covered in sharp spines.
Scrolls take you a little longer to read.
Armour fits poorly on your strangely shaped body.
Your flesh is heat resistant. (rF+)
Your magical capacity is low. (-10% MP)


Message History

Aksej's ghost hits you!
* * * LOW HITPOINT WARNING * * *
You hit Aksej's ghost.
Aksej's ghost is lightly damaged.
Aksej's ghost hits you but does no damage.
You hit Aksej's ghost but do no damage.
Aksej's ghost is lightly damaged.
Aksej's ghost barely misses you.
You closely miss Aksej's ghost.
Aksej's ghost is lightly damaged.
Aksej's ghost is struck by your spines. Aksej's ghost hits you.
* * * LOW HITPOINT WARNING * * *
You closely miss Aksej's ghost.
Aksej's ghost is moderately damaged.
Aksej's ghost hits you.
* * * LOW HITPOINT WARNING * * *
You slash Aksej's ghost!
Aksej's ghost is heavily damaged.
Aksej's ghost hits you!
You die...

#W.##..##..##....#......
######'###..#.........#......
#........(..#.........#......
#...........#......>..#......
#...........#.........'......
#..###..##.(##........#......
#..###..##..##..####..#......
#...#......W##..####..#......
#...#......ยง@.........#....<.
#####...##............#......
###...##..##....##..#......
#.........##....##..#......
#.....##..##....##..#......
#.....##..##....##..#......
########..##+#####..#......
#..#......#..#....).
#..#......'..#......


You could see Aksej's ghost.

Vanquished Creatures
  A howler monkey (D:4)
  2 orc priests (D:3)
  An iguana (D:4)
  7 adders
  A worm (D:2)
  3 dart slugs
  2 leopard geckos
  7 orcs (D:3)
  5 giant cockroaches
  2 hobgoblins (D:2)
  6 jackals
  2 quokkas (D:2)
  A ball python (D:2)
  7 bats
  3 frilled lizards (D:1)
  3 goblins (D:2)
  5 kobolds
  5 rats
63 creatures vanquished.

Notes
Turn   | Place    | Note
-------+----------+-------------------------------------------
     0 | D:1      | Aksej the Demonspawn Gladiator began the quest for the Orb.
     0 | D:1      | Reached XP level 1. HP: 16/16 MP: 1/1
   119 | D:1      | Reached skill level 3 in Long Blades
   164 | D:1      | Gained mutation: You are partially covered in sharp spines. [demonic ancestry]
   164 | D:1      | Reached XP level 2. HP: 10/22 MP: 2/2
  1073 | D:2      | Found a stormy altar of Qazlal.
  1075 | D:2      | Noticed an air elemental
  1076 | D:2      | Noticed an earth elemental
  1076 | D:2      | Noticed a fire elemental
  1076 | D:2      | Noticed a water elemental
  1081 | D:2      | Became a worshipper of Qazlal Stormbringer
  1126 | D:2      | Reached XP level 3. HP: 21/27 MP: 3/3
  1467 | D:2      | Gained mutation: Your mind is acute. (Int +2) [potion of beneficial mutation]
  1598 | D:3      | Reached skill level 1 in Armour
  1637 | D:3      | Reached * piety under Qazlal
  1637 | D:3      | Gained mutation: You have a somewhat thin skeletal structure. (Dex +2, Stealth) [demonic ancestry]
  1637 | D:3      | Reached XP level 4. HP: 27/33 MP: 4/4
  1692 | D:3      | Reached skill level 4 in Long Blades
  1853 | D:3      | Gained mutation: You have a moderately thin skeletal structure. (Dex +4, Stealth+) [demonic ancestry]
  1853 | D:3      | Reached XP level 5. HP: 39/39 MP: 5/5
  2158 | D:3      | Found a hide-covered altar of Uskayaw.
  2435 | D:4      | Got a polished ring mail
  2446 | D:4      | Identified the +4 ring mail "Trusted Companion" {rN+ Int+4 Dex+2 Slay-6} (You found it on level 4 of the Dungeon)
  2533 | D:4      | Reached skill level 5 in Long Blades
  2664 | D:4      | Noticed Aksej's ghost (amateur DsGl)
  2671 | D:4      | Lost mutation: Your mind is acute. (Int +2) [potion of mutation]
  2671 | D:4      | Gained mutation: Your flesh is heat resistant. (rF+) [potion of mutation]
  2671 | D:4      | Gained mutation: Armour fits poorly on your strangely shaped body. [potion of mutation]
  2686 | D:4      | Gained mutation: Scrolls take you a little longer to read. [potion of mutation]
  2686 | D:4      | Gained mutation: Your magical capacity is low. (-10% MP) [potion of mutation]
  2784 | D:4      | Slain by Aksej's ghost

Skill      XL: |  1  2  3  4  5 |
---------------+----------------+-----
Long Blades    | 3 4 5 |  5.2
Dodging        | 3 |  3.1
Armour         | 1 |  1.7
Fighting       | |  2.6
Throwing       | |  1.8

Action                   |  1- 3 |  4- 6 || total
-------------------------+-------+-------++-------
Melee: Long sword        |    76 |    61 ||   137
Throw: Throwing net      |       |     8 ||     8
  Use: Scroll            |     9 |     3 ||    12
       Potion            |     2 |     5 ||     7
  Eat: Chunk             |     2 |     4 ||     6
Armor: Leather armour    |    14 |       ||    14
       Ring mail         |    21 |    13 ||    34
       Chain mail        |       |     2 ||     2
Dodge: Dodged            |    55 |    44 ||    99
Block: Other             |       |     4 ||     4
       Rpst.: Long sword |    13 |    17 ||    30
